 Dungeon Crawl Stone Soup version 0.17-a0-670-g5d95ebd (webtiles) character file.

8889 hulla the Transmogrifier (level 11, 0/72 HPs)
             Began as an Octopode Earth Elementalist on Apr 18, 2015.
             Was a High Priest of Sif Muna.
             Slain by a rat (2 damage)
             ... on level 10 of the Dungeon.
             The game lasted 01:42:10 (17405 turns).

hulla the Transmogrifier (OpEE)                    Turns: 17405, Time: 01:42:10

Health: 0/72       AC:  1    Str:  7    XL:     11   Next: 37%
Magic:  19/23      EV: 12    Int: 21    God:    Sif Muna [*****.]
Gold:   533        SH:  0    Dex: 16    Spells: 4 memorised, 13 levels left

rFire  . . .     SeeInvis .     b - 177 stones
rCold  . . .     Clarity  .     (no shield)
rNeg   + + .     SustAb   .     (helmet restricted)
rPois  .         Gourm    .     G - amulet of stasis
rElec  .         Spirit   .     q - +3 ring of dexterity
rCorr  .         Warding  .     k - ring of positive energy
rMut   .         Stasis   +     K - ring of positive energy
MR     .....                    (no ring)
Stlth  ++++......               (no ring)
                                (no ring)
                                (no ring)
                                (no ring)

@: not resistant to hostile enchantments, stealthy
A: almost no armour, amphibious, 8 rings, constrict 8, camouflage 1, gelatinous
body 1
a: Channel Energy, Forget Spell, Renounce Religion


You were on level 10 of the Dungeon.
You worshipped Sif Muna.
Sif Muna was extremely pleased with you.
You were very hungry.

You visited 2 branches of the dungeon, and saw 11 of its levels.

You collected 533 gold pieces.

Inventory:

Hand weapons
 a - a +1 dagger of venom
 c - a +0 mace of crushing
 n - a +0 spear
 M - a +1 dagger
 P - a +1 dagger of electrocution
 R - a cursed +0 dagger
Missiles
 b - 177 stones (in tentacle)
 u - 62 arrows
 N - 9 tomahawks (quivered)
Jewellery
 k - a ring of positive energy (right tentacle)
 q - a +3 ring of dexterity (left tentacle)
 G - an amulet of stasis (around mantle)
 K - a ring of positive energy (on tentacle)
Magical devices
 T - a wand of disintegration (10)
Scrolls
 h - 5 scrolls of magic mapping
 l - 2 scrolls of recharging
 t - 4 scrolls of remove curse
 w - 3 scrolls of enchant weapon
 x - 3 scrolls of identify
 y - a scroll of teleportation {unknown}
 E - a scroll of blinking {unknown}
 F - a scroll of noise {unknown}
 I - a scroll of amnesia {unknown}
Potions
 e - 2 potions of might
 f - a potion of resistance {unknown}
 g - a potion of agility {unknown}
 o - a potion of magic {unknown}
 p - 2 potions of brilliance {unknown}
 r - 3 potions of haste
 v - 2 potions of restore abilities
 z - 2 potions of flight
 A - 2 potions of mutation {unknown}
 B - a potion of lignification {unknown}
 C - a potion of heal wounds {unknown}
 D - 3 potions of curing {unknown}
 J - a potion of poison {unknown}
 L - a potion of invisibility {unknown}
 Q - a potion of cancellation {unknown}
Books
 d - a book of Geomancy

   Spells                             Type                      Level
   a - Sandblast                      Earth                        1
   b - Stoneskin                      Transmutation/Earth          2
   c - Passwall                       Transmutation/Earth          3
   d - Stone Arrow                    Conjuration/Earth            3
   e - Petrify                        Transmutation/Earth          4
   f - Lee's Rapid Deconstruction     Earth                        5
Comestibles
 i - 10 bread rations
 j - 3 beef jerkies
 m - 5 meat rations
 s - a royal jelly


   Skills:
 + Level 5.3 Fighting
 - Level 2.0 Dodging
 - Level 4.0 Stealth
 - Level 8.0 Spellcasting
 - Level 10.3 Transmutations
 - Level 10.1 Earth Magic


You had 13 spell levels left.
You knew the following spells:

 Your Spells              Type           Power        Failure   Level  Hunger
a - Sandblast             Erth           ######       1%          1    None
b - Stone Arrow           Conj/Erth      ####..       2%          3    None
c - Petrify               Trmt/Erth      ######..     1%          4    ###....
d - Lee's Rapid Deconstr  Erth           ######....   3%          5    #####..


Dungeon Overview and Level Annotations

Branches:
Dungeon (10/15)            Temple (0/1) D:7            Lair (1/8) D:8
    Orc: D:9-12

Altars:
Dithmenos
Fedhas
Gozag
Sif Muna
Zin

Shops:
D:3 *

Annotations:
D:3 quik's ghost, average TrMo


Innate Abilities, Weirdness & Mutations

You cannot wear most types of armour.
You are amphibious.
You can wear up to eight rings at the same time.
You can use your tentacles to constrict eight enemies at once.
Your skin changes colour to match your surroundings (Stealth).
Your rubbery body absorbs attacks (AC +1).


Message History

Confirm with . or Enter, or press ? or * to list all spells.
Aiming: Sandblast
Press: ? - help, Shift-Dir - straight line, f/p - centaur zombie
Aim: a centaur zombie The rocky blast hits the centaur zombie.
The centaur zombie hits you.
* * * LOW HITPOINT WARNING * * *
The centaur zombie hits you!
* * * LOW HITPOINT WARNING * * *
The rat bites you.
* * * LOW HITPOINT WARNING * * *
A hound zombie comes into view.
Casting: Sandblast
Confirm with . or Enter, or press ? or * to list all spells.
Aiming: Sandblast
Press: ? - help, Shift-Dir - straight line, f/p - centaur zombie
Aim: a centaur zombie The rocky blast hits the centaur zombie.
The centaur zombie closely misses you. The rat bites you.
You die...

### . ..# ...
##.###....
....#..... ..
#.........
...<.###@.†......
#...Z...Zr....>#..
##.#).............
#.......##.##..
.......#..# #
..........†
..........#
.#....>.##
...#...P


You could see a hound zombie, a centaur zombie and a rat.

Vanquished Creatures
  A two-headed ogre (D:8)
  A trapdoor spider (D:9)
  A wyvern (D:8)
  15 yaks
  2 hippogriffs
  A mottled dragon (D:8)
  A water moccasin (Lair:1)
  An orc warrior (D:7)
  4 porcupines
  4 sky beasts
  2 ice beasts
  A wasp (D:8)
  2 ogres
  4 crocodiles
  3 centaurs
  The ghost of laxity the Insei, an average OpTm (D:4)
  16 big kobolds (D:8)
  6 giant frogs
  A gnoll sergeant (D:8)
  7 scorpions
  9 jellies
  3 killer bees (D:9)
  2 crimson imps
  2 giant frog zombies
  A centaur zombie (D:6)
  6 orc priests
  7 hounds
  7 worker ants
  3 orc wizards
  2 giant frog skeletons
  2 iguanas
  3 hound skeletons
  10 adders
  13 gnolls
  9 river rats (D:8)
  2 shadow imps (D:7)
  5 oozes
  An adder zombie (D:9)
  4 adder skeletons
  A worm (D:1)
  4 giant geckos
  26 orcs
  7 giant cockroaches
  16 hobgoblins
  20 kobolds
  3 quokkas
  4 ball pythons
  26 bats
  A giant cockroach zombie (D:6)
  A giant gecko skeleton (D:8)
  A giant gecko zombie (D:6)
  7 giant newts
  3 giant spores
  20 goblins
  15 jackals
  A jackal skeleton (D:4)
  2 jackal zombies
  2 orc zombies (D:7)
  14 rats
  7 ballistomycetes
346 creatures vanquished.

Vanquished Creatures (others)
  2 bushes (D:8)
  A fungus (D:8)
  5 plants (D:8)
8 creatures vanquished.

Grand Total: 354 creatures vanquished

Notes
Turn   | Place    | Note
--------------------------------------------------------------
     0 | D:1      | hulla, the Octopode Earth Elementalist, began the quest for the Orb.
     0 | D:1      | Reached XP level 1. HP: 11/11 MP: 3/3
   307 | D:1      | Reached XP level 2. HP: 17/17 MP: 5/5
   838 | D:1      | Reached XP level 3. HP: 8/21 MP: 6/6
   843 | D:1      | Learned a level 3 spell: Stone Arrow
  1097 | D:1      | Reached skill level 4 in Stealth
  1906 | D:2      | Reached XP level 4. HP: 23/27 MP: 7/7
  2503 | D:3      | Found an opulent altar of Gozag.
  2507 | D:3      | Found Gozag's Platinum Reserve.
  3117 | D:3      | Noticed quik's ghost (average TrMo)
  3534 | D:3      | Reached XP level 5. HP: 27/31 MP: 9/9
  4331 | D:4      | Learned a level 4 spell: Petrify
  4398 | D:4      | Reached skill level 5 in Earth Magic
  4414 | D:4      | Reached XP level 6. HP: 36/36 MP: 7/11
  4950 | D:4      | Found a glowing silver altar of Zin.
  5082 | D:4      | Noticed laxity's ghost (average OpTm)
  5514 | D:4      | Reached skill level 6 in Earth Magic
  5527 | D:4      | Killed laxity's ghost
  5527 | D:4      | Reached XP level 7. HP: 21/41 MP: 6/13
  6247 | D:4      | Noticed an ogre
  6254 | D:4      | Killed an ogre
  6254 | D:4      | Reached skill level 7 in Earth Magic
  6903 | D:5      | Entered Level 5 of the Dungeon
  6991 | D:5      | Reached skill level 8 in Earth Magic
  7009 | D:5      | Reached XP level 8. HP: 39/46 MP: 5/14
  7405 | D:5      | Found a shadowy altar of Dithmenos.
  7405 | D:5      | Found a blossoming altar of Fedhas.
  8383 | D:6      | Reached skill level 9 in Earth Magic
  8904 | D:6      | Found a deep blue altar of Sif Muna.
  8917 | D:6      | Became a worshipper of Sif Muna the Loreminder
  9365 | D:6      | Reached skill level 10 in Earth Magic
 10414 | D:7      | Acquired Sif Muna's first power
 10414 | D:7      | Reached XP level 9. HP: 51/51 MP: 15/15
 11112 | D:7      | Reached skill level 5 in Transmutations
 11321 | D:7      | Found a staircase to the Ecumenical Temple.
 12188 | D:8      | Acquired Sif Muna's second power
 13041 | D:8      | Found a staircase to the Lair.
 13272 | D:8      | Reached XP level 10. HP: 32/56 MP: 9/16
 13750 | D:8      | Reached skill level 10 in Transmutations
 13887 | D:8      | Acquired Sif Muna's third power
 13963 | D:8      | Reached skill level 5 in Spellcasting
 15082 | D:8      | Reached XP level 11. HP: 58/61 MP: 15/22
 15338 | Lair:1   | Entered Level 1 of the Lair of Beasts
 15372 | Lair:1   | Reached skill level 1 in Fighting
 16771 | D:9      | Learned a level 5 spell: Lee's Rapid Deconstruction
 17265 | D:10     | Entered Level 10 of the Dungeon
 17275 | D:10     | Reached skill level 5 in Fighting
 17404 | D:10     | HP: 2/72 [rat (2)]
 17405 | D:10     | Slain by a rat

Action                   |  1- 3 |  4- 6 |  7- 9 | 10-12 || total
-------------------------+-------+-------+-------+-------++-------
Melee: Unarmed           |    17 |       |       |     3 ||    20
       Dagger            |    88 |    71 |    75 |    92 ||   326
       Mace              |       |    21 |   117 |    53 ||   191
Throw: Stone             |     1 |    14 |    16 |     4 ||    35
       Tomahawk          |       |       |       |    19 ||    19
 Cast: Sandblast         |     2 |    51 |    89 |   120 ||   262
       Stone Arrow       |       |     6 |    68 |    44 ||   118
       Petrify           |       |     1 |     8 |    13 ||    22
       Lee's Rapid Decon |       |       |       |     3 ||     3
  Use: Scroll            |     4 |     3 |     4 |     1 ||    12
       Potion            |       |     1 |       |       ||     1
 Stab: Sleeping          |     9 |    10 |     7 |     1 ||    27
       Petrified         |       |       |     6 |     9 ||    15
  Eat: Chunk             |     3 |    11 |    27 |    14 ||    55
       Pizza             |       |       |     1 |       ||     1
       Beef jerky        |       |       |     2 |       ||     2
